 Dungeon Crawl Stone Soup version 0.20.1 (webtiles) character file.

308 vishdafish the Shield-Bearer (level 6, -3/44 HPs)
             Began as a Formicid Fighter on July 2, 2017.
             Was an Initiate of Hepliaklqana.
             Slain by a slave (6 damage)
             ... led by Pikel
             ... on level 4 of the Dungeon.
             The game lasted 00:07:06 (2936 turns).

vishdafish the Shield-Bearer (Formicid Fighter)     Turns: 2936, Time: 00:07:07

Health: -3/44      AC:  7    Str: 21    XL:     6   Next: 68%
Magic:  6/6        EV:  8    Int:  8    God:    Hepliaklqana [......]
Gold:   249        SH: 10    Dex: 11    Spells: 5/5 levels left

rFire    + . .     SeeInvis +   a - +0 war axe
rCold    . . .     Gourm    .   c - +0 shield
rNeg     . . .     Faith    .   b - +0 scale mail
rPois    .         Spirit   .   (helmet unavailable)
rElec    .         Reflect  .   (no cloak)
rCorr    .         Harm     .   (no gloves)
MR       .....                  (no boots)
Stlth    ..........             (no amulet)
Regen    0.2/turn               r - ring of protection from fire
MPRegen  0.1/turn               (no ring)

@: no status effects
A: permanent stasis, dig shafts and tunnels, four strong arms, reduced essence,
antennae 3
a: Dig, Shaft Self, Recall Ancestor, Ancestor Identity, Renounce Religion


You were on level 4 of the Dungeon.
You worshipped Hepliaklqana.
Hepliaklqana was noncommittal.
You were very hungry.

You visited 1 branch of the dungeon, and saw 4 of its levels.

You collected 249 gold pieces.

Inventory:

Hand Weapons
 a - a +0 war axe (weapon)
Armour
 b - a +0 scale mail (worn)
 c - a +0 shield (worn)
Jewellery
 r - a ring of protection from fire (left hand)
Scrolls
 e - a scroll of blinking
 h - a scroll of remove curse
 j - a scroll of fear {unknown}
 k - 3 scrolls of identify {unknown}
 l - 2 scrolls of teleportation {unknown}
 o - a scroll of immolation {unknown}
 p - a scroll of recharging {unknown}
Potions
 d - a potion of might
 i - 4 potions of curing {unknown}
 m - a potion of brilliance {unknown}
 q - a potion of haste {unknown}
Comestibles
 f - 3 bread rations
 g - 2 meat rations
 n - 11 fruits


   Skills:
 + Level 4.5 Fighting
 + Level 3.2 Axes
 + Level 4.5 Armour
 * Level 5.9 Shields


You had 5 spell levels left.
You didn't know any spells.

Dungeon Overview and Level Annotations

Branches:
Dungeon (4/15)
 Temple: D:4-7

Altars:
Hepliaklqana
Nemelex Xobeh
Okawaru


Innate Abilities, Weirdness & Mutations

You cannot be hasted, slowed, berserked, paralysed or teleported.
You can dig through walls and to a lower floor.
Your four strong arms can wield two-handed weapons with a shield.
You have a pair of large antennae on your head. (SInv)
Your life essence is reduced to manifest your ancestor. (-10% HP)


Message History

The slave is moderately wounded.
The slave closely misses you.
You completely miss the slave.
The slave is moderately wounded.
The slave hits you.
You hit the slave.
The slave is moderately wounded.
The slave hits you. x2
* * * LOW HITPOINT WARNING * * *
You hit the slave but do no damage.
The slave is moderately wounded.
The slave hits you but does no damage.
You hit the slave.
The slave is moderately wounded.
The slave hits you but does no damage. The slave hits you.
* * * LOW HITPOINT WARNING * * *
You closely miss the slave.
The slave is moderately wounded.
The slave hits you.
You die...

############ ......R....#
##@##.########## ##
##p###..........# #. #g##
#..........# #.
.#####{###..........# #.
.......{..{........†.# #.
.........{.........†.###.
.....{{.{...###.####.....
...........####### #.....
.......p...# ##8## #.###.


You could see the friendly Shedsu-nefertum the ancestor, a slave and a goblin.

Vanquished Creatures
  A slave (D:4)
  A scorpion (D:4)
  An orc priest (D:3)
  Jessica (D:3)
  4 gnolls (D:4)
  6 adders
  2 worms
  2 dart slugs
  2 leopard geckos
  3 orcs
  2 ball pythons
  3 bats
  2 giant cockroaches
  6 goblins
  4 hobgoblins
  8 jackals
  A quokka (D:2)
  3 frilled lizards
  6 kobolds
  A quokka skeleton (D:4)
  9 rats
68 creatures vanquished.

Vanquished Creatures (collateral kills)
  An orc wizard (D:3)
  An ooze (D:3)
  An orc (D:4)
  A hobgoblin (D:2)
  A jackal (D:4)
5 creatures vanquished.

Vanquished Creatures (others)
  An ancestor (D:4)
1 creature vanquished.

Grand Total: 74 creatures vanquished

Notes
Turn   | Place    | Note
-------+----------+-------------------------------------------
     0 | D:1      | vishdafish the Formicid Fighter began the quest for the Orb.
     0 | D:1      | Reached XP level 1. HP: 18/18 MP: 1/1
   150 | D:1      | Reached XP level 2. HP: 24/24 MP: 2/2
   318 | D:1      | Reached skill level 4 in Shields
   488 | D:2      | Reached XP level 3. HP: 24/29 MP: 3/3
   948 | D:2      | Found a hazy altar of Hepliaklqana.
   955 | D:2      | Became a worshipper of Hepliaklqana the Forgotten
   978 | D:2      | Found a sparkling altar of Nemelex Xobeh.
  1021 | D:2      | Reached XP level 4. HP: 31/32 MP: 4/4
  1478 | D:3      | Reached skill level 5 in Shields
  1484 | D:3      | Reached XP level 5. HP: 13/37 MP: 5/5
  2266 | D:3      | Noticed Jessica
  2274 | D:3      | Killed Jessica
  2274 | D:3      | Reached XP level 6. HP: 38/44 MP: 6/6
  2879 | D:4      | Found an iron altar of Okawaru.
  2884 | D:4      | Noticed a slave
  2888 | D:4      | Noticed a slave
  2900 | D:4      | Killed a slave
  2936 | D:4      | Slain by a slave

Skill      XL: |  1  2  3  4  5 |
---------------+----------------+-----
Shields        | 4 5 |  5.9
Fighting       | 4 |  4.5
Armour         | 4 |  4.5
Axes           | 3 |  3.2

Action                   |  1- 3 |  4- 6 || total
-------------------------+-------+-------++-------
Melee: War axe           |    85 |   148 ||   233
 Abil: Dig               |       |     1 ||     1
  Use: Scroll            |     2 |       ||     2
 Stab: Distracted        |       |     1 ||     1
  Eat: Chunk             |       |     6 ||     6
Armor: Scale mail        |    44 |    41 ||    85
Dodge: Dodged            |    35 |    57 ||    92
Block: Shield            |    49 |    95 ||   144
